 Dungeon Crawl Stone Soup version 0.19.0-24-gb05acd6 (webtiles) character file.

968 RaHiT the Grave Robber (level 7, -2/46 HPs)
             Began as a Mummy Necromancer on Nov 21, 2016.
             Was a Follower of Yredelemnul.
             Slain by Grinder (9 damage)
             ... while paralysed by Grinder
             ... on level 5 of the Dungeon.
             The game lasted 00:48:31 (5265 turns).

RaHiT the Grave Robber (Mummy Necromancer)          Turns: 5265, Time: 00:48:32

Health: -2/46      AC:  3    Str: 11    XL:     7   Next: 93%
Magic:  13/15      EV:  2    Int: 17    God:    Yredelemnul [*.....]
Gold:   176        SH:  0    Dex: 12    Spells: 5 memorised, 4 levels left

rFire  x . .     SeeInvis .     g - +3 short sword
rCold  + . .     Gourm    .     a - +0 robe
rNeg   + + +     Faith    .     (no shield)
rPois  ∞         Spirit   .     (no helmet)
rElec  .         Reflect  .     (no cloak)
rCorr  .         Harm     .     p - +0 pair of gloves
MR     .....     Rnd*Tele +     (no boots)
Stlth  ++........               (no amulet)
                                (no ring)
                                h - ring of teleportation (curse)

@: paralysed
A: no food or potions, fire vulnerability, cold resistance 1, negative energy
resistance 3, torment resistance, unbreathing
a: Animate Remains, Renounce Religion


You were on level 5 of the Dungeon.
You worshipped Yredelemnul.
Yredelemnul was aware of your devotion.
You were not hungry.

You visited 1 branch of the dungeon, and saw 5 of its levels.
You also visited: Sewer.

You collected 176 gold pieces.

Inventory:

Hand Weapons
 g - a +3 short sword (weapon)
Armour
 a - a +0 robe (worn)
 p - a +0 pair of gloves (worn)
Jewellery
 h - a cursed ring of teleportation (left hand)
Wands
 j - a wand of teleportation (2/9)
 n - a wand of flame (19/48)
Scrolls
 c - 4 scrolls of amnesia
 d - a scroll of identify
 e - a scroll of teleportation
 f - a scroll of enchant armour
 i - 2 scrolls of remove curse
 k - a scroll of immolation
 l - a scroll of fear
 m - a scroll of magic mapping
 o - a scroll of fog
Books
 b - a book of Necromancy

   Spells                             Type                      Level
   a - Pain                           Necromancy                   1
   b - Animate Skeleton               Necromancy                   1
   c - Vampiric Draining              Necromancy                   3
   d - Regeneration                   Charms/Necromancy            3
   e - Animate Dead                   Necromancy                   4
   f - Control Undead                 Necromancy                   4


   Skills:
 - Level 3.1 Dodging
 - Level 1.5 Stealth
 * Level 5.9 Spellcasting
 - Level 7.1 Necromancy


You had 4 spell levels left.
You knew the following spells:

 Your Spells              Type           Power        Failure   Level  Hunger
a - Pain                  Necr           ####         1%          1    N/A
b - Animate Skeleton      Necr           N/A          1%          1    N/A
c - Vampiric Draining     Necr           ####......   1%          3    N/A
d - Control Undead        Necr           ####......   10%         4    N/A
e - Animate Dead          Necr           N/A          10%         4    N/A

Dungeon Overview and Level Annotations

Branches:
Dungeon (5/15)
 Temple: D:4-7

Altars:
Gozag
Makhleb
Okawaru
Ru
Xom
Yredelemnul
The Shining One

Annotations:
D:5 Grinder


Innate Abilities, Weirdness & Mutations

You do not eat or drink.
Your flesh is vulnerable to fire.
You are immune to poison.
Your flesh is cold resistant. (rC+)
You are immune to negative energy. (rN+++)
You are immune to unholy pain and torment.
You can survive without breathing.


Message History

Grinder hits you!
* * * LOW HITPOINT WARNING * * *
Your jackal skeleton bites Grinder but does no damage.
You see here a gold piece.
Your jackal skeleton barely misses Grinder.
Grinder gestures at you.
You suddenly lose the ability to move!
Your jackal skeleton bites Grinder.
Grinder gestures at you.
You shrug off the repeated paralysis!
Your jackal skeleton closely misses Grinder.
Grinder gestures at you.
You are unaffected.
Your jackal skeleton bites Grinder but does no damage.
Grinder hits you.
* * * LOW HITPOINT WARNING * * *
Your jackal skeleton bites Grinder but does no damage.
Grinder hits you!
You die...
Yredelemnul claims you as an undead slave.

....########..#.<...
..............#....##
#...................
###.................#
....................#
###$$$..............#
####..$_$>........(....#
......$$$.......%%#....#
.........Z5@##'##......#
..<.........##<###...###
............#### ...#
...............! #..#
################ .># #.#
.#


You could see Grinder and a friendly jackal skeleton.

Vanquished Creatures
  The ghost of Leibowitz the Sneak, an amateur DgEn (D:3)
  4 big kobolds (Sewer)
  A scorpion (D:4)
  A jelly (D:5)
  Natasha (thrice) (D:3)
  3 orc wizards
  A worker ant (D:4)
  12 adders
  A river rat (Sewer)
  3 oozes
  5 worms
  A dart slug (D:1)
  2 leopard geckos
  12 orcs
  9 bats
  4 giant cockroaches
  5 hobgoblins
  13 jackals
  A quokka (D:1)
  3 ball pythons
  3 frilled lizards
  5 goblins
  14 kobolds
  A leopard gecko skeleton (D:4)
  10 rats
118 creatures vanquished.

Vanquished Creatures (collateral kills)
  A big kobold (Sewer)
  A hound (D:3)
  An adder (D:3)
  A river rat (Sewer)
  An ooze (Sewer)
  An adder skeleton (D:4)
  A worm (Sewer)
  A bat (D:2)
  A giant cockroach (D:1)
  2 goblins
  A jackal (D:1)
  A kobold (D:3)
  A ball python (Sewer)
  2 frilled lizards
  A leopard gecko skeleton (D:4)
  A quokka skeleton (D:4)
  A rat (D:1)
19 creatures vanquished.

Vanquished Creatures (others)
  A water moccasin skeleton (D:5)
1 creature vanquished.

Grand Total: 138 creatures vanquished

Notes
Turn   | Place    | Note
-------+----------+-------------------------------------------
     0 | D:1      | RaHiT the Mummy Necromancer began the quest for the Orb.
     0 | D:1      | Reached XP level 1. HP: 13/13 MP: 3/3
    19 | D:1      | Learned a level 1 spell: Animate Skeleton
   321 | D:1      | Reached XP level 2. HP: 19/19 MP: 3/5
   828 | D:2      | Reached XP level 3. HP: 24/24 MP: 5/7
  1384 | D:2      | Found a shimmering altar of Xom.
  1386 | D:2      | Found a burning altar of Makhleb.
  1386 | D:2      | Found an iron altar of Okawaru.
  1387 | D:2      | Found a glowing golden altar of the Shining One.
  1903 | D:3      | Noticed Leibowitz's ghost (amateur DgEn)
  1904 | D:3      | Found a glowing drain.
  1911 | D:3      | Reached skill level 5 in Necromancy
  1911 | D:3      | Reached XP level 4. HP: 14/30 MP: 3/8
  1919 | Sewer    | Entered a sewer
  2114 | Sewer    | Learned a level 3 spell: Vampiric Draining
  2263 | Sewer    | Noticed a big kobold
  2263 | Sewer    | Noticed a big kobold
  2307 | Sewer    | Killed a big kobold
  2307 | Sewer    | Reached XP level 5. HP: 15/35 MP: 0/9
  2365 | Sewer    | Reached skill level 6 in Necromancy
  2749 | Sewer    | Reached skill level 7 in Necromancy
  2749 | Sewer    | Reached XP level 6. HP: 41/41 MP: 3/10
  2775 | Sewer    | Learned a level 4 spell: Control Undead
  3146 | Sewer    | Reached XP level 7. HP: 46/46 MP: 6/13
  3202 | D:3      | Noticed Natasha
  3673 | D:3      | Killed Natasha
  3673 | D:3      | Reached skill level 5 in Spellcasting
  3775 | D:3      | Noticed Natasha
  3780 | D:3      | Killed Natasha
  3860 | D:3      | Noticed Natasha
  3920 | D:3      | Killed Natasha
  4243 | D:3      | Found a basalt altar of Yredelemnul.
  4279 | D:3      | Became a worshipper of Yredelemnul the Dark
  4294 | D:3      | Killed Leibowitz's ghost
  4559 | D:3      | Learned a level 4 spell: Animate Dead
  4760 | D:4      | Reached * piety under Yredelemnul
  4857 | D:4      | Found a basalt altar of Yredelemnul.
  5003 | D:4      | Found a sacrificial altar of Ru.
  5126 | D:5      | Entered Level 5 of the Dungeon
  5128 | D:5      | Found an opulent altar of Gozag.
  5218 | D:5      | Noticed Grinder
  5238 | D:5      | Paralysed by Grinder for 4 turns
  5260 | D:5      | Paralysed by Grinder for 6 turns
  5265 | D:5      | Slain by Grinder

Skill      XL: |  1  2  3  4  5  6  7 |
---------------+----------------------+-----
Spellcasting   | 3 4 5 |  5.9
Necromancy     | 5 7 |  7.1
Dodging        | 3 |  3.1
Stealth        | |  1.5

Action                   |  1- 3 |  4- 6 |  7- 9 || total
-------------------------+-------+-------+-------++-------
Melee: Unarmed           |     8 |       |       ||     8
       Dagger            |    55 |    30 |     6 ||    91
       Short sword       |       |       |    65 ||    65
 Cast: Pain              |    67 |    81 |    79 ||   227
       Animate Skeleton  |    17 |     8 |    16 ||    41
       Vampiric Draining |       |     2 |     4 ||     6
       Control Undead    |       |       |    10 ||    10
       Animate Dead      |       |       |     1 ||     1
Evoke: Wand              |       |       |     2 ||     2
  Use: Scroll            |     3 |       |     5 ||     8
 Stab: Distracted        |       |       |     1 ||     1
Armor: Robe              |    26 |     6 |    21 ||    53
Dodge: Dodged            |    76 |    43 |    65 ||   184
